 Dungeon Crawl Stone Soup version 0.24-a0-516-g9de272bb65 (webtiles) character file.

Game seed: 8689763203231830458

92 Greboboi the Shield-Bearer (level 4, -1/40 HPs)
             Began as a Minotaur Fighter on July 22, 2019.
             Killed by divine providence
             ... invoked by an orc priest
              (13 damage)
             ... on level 3 of the Dungeon.
             The game lasted 00:03:10 (1931 turns).

Greboboi the Shield-Bearer (Minotaur Fighter)       Turns: 1931, Time: 00:03:10

Health: -1/40      AC:  7    Str: 21    XL:     4   Next: 35%
Magic:  3/3        EV:  8    Int:  5    God:
Gold:   78         SH:  9    Dex: 10    Spells: 3/3 levels left

rFire    . . .     SeeInvis .   a - +0 war axe
rCold    . . .     Gourm    .   c - +0 shield
rNeg     . . .     Faith    .   b - +0 scale mail
rPois    .         Spirit   .   (helmet restricted)
rElec    .         Reflect  .   (no cloak)
rCorr    .         Harm     .   (no gloves)
MR       .....                  (no boots)
Stlth    ..........             (no amulet)
HPRegen  0.13/turn              (no ring)
MPRegen  0.08/turn              (no ring)

@: no status effects
A: retaliatory headbutt, horns 2
a: no special abilities


You were on level 3 of the Dungeon.
You were not hungry.

You visited 1 branch of the dungeon, and saw 3 of its levels.

You collected 78 gold pieces.

Inventory:

Hand Weapons
 a - a +0 war axe (weapon)
Armour
 b - a +0 scale mail (worn)
 c - a +0 shield (worn)
Scrolls
 e - a scroll of enchant armour {unknown}
 h - a scroll of teleportation {unknown}
 i - a scroll of magic mapping {unknown}
 k - 2 scrolls of identify {unknown}
Potions
 d - 2 potions of might
 j - a potion of haste
Comestibles
 f - 2 rations
 g - 16 chunks of flesh


   Skills:
 + Level 4.1 Fighting
 + Level 3.4 Axes
 + Level 4.2 Armour
 * Level 1.7 Dodging
 + Level 0.4 Stealth
 + Level 4.3 Shields


You had 3 spell levels left.
You didn't know any spells.
Your spell library was empty.

Dungeon Overview and Level Annotations

Branches:
Dungeon (3/15)

Altars:
Ashenzari
Xom
The Shining One


Innate Abilities, Weirdness & Mutations

You reflexively headbutt those who attack you in melee.
You have a pair of horns on your head.


Message History

You are too injured to fight recklessly!
You are too injured to fight recklessly!
You are too injured to fight recklessly!
You are too injured to fight recklessly!
You are too injured to fight recklessly!
Unknown command.
Your shield prevents you from hitting the orc priest.
The orc priest hits you but does no damage.
You hit the orc priest.
The orc priest is moderately wounded.
You feel sick.
You are no longer poisoned.
The orc priest hits you but does no damage.
You block the orc priest's attack.
You closely miss the orc priest.
You headbutt the orc priest, but do no damage.
The orc priest is moderately wounded.
The orc priest calls down the wrath of Beogh upon you.
Beogh smites you!
You die...

#.# #.# #.# #.# ###.#####
#.# #####.......# #.#
...##.......# #.#
...##.......###.#########
.........................
...#..#.#.#####..()....<.
...#..#.#.# ##@##......
..##..#.#.# #o# .....
..##..#.#.# .o# ....
####....#.. .... ...
#.####. ..... ## ####.#
....... ..##.# ........
..##.# ......[..# ..##.#


You could see an orc priest and an orc.

Vanquished Creatures
  Robin (D:2)
  An adder (D:2)
  A dart slug (D:2)
  A leopard gecko (D:2)
  6 orcs (D:3)
  2 giant cockroaches
  12 goblins
  8 hobgoblins
  2 quokkas (D:2)
  5 bats
  4 frilled lizards
  8 kobolds
  8 rats
59 creatures vanquished.

Notes
Turn   | Place    | Note
-------+----------+-------------------------------------------
     0 | D:1      | Greboboi the Minotaur Fighter began the quest for the Orb.
     0 | D:1      | Reached XP level 1. HP: 19/19 MP: 0/0
   268 | D:1      | Reached XP level 2. HP: 27/27 MP: 1/1
   520 | D:1      | Reached skill level 1 in Dodging
   753 | D:2      | Found a glowing golden altar of the Shining One.
   754 | D:2      | Found a shimmering altar of Xom.
   880 | D:2      | Reached XP level 3. HP: 24/33 MP: 2/2
  1109 | D:2      | Found a shattered altar of Ashenzari.
  1387 | D:2      | Noticed Robin
  1395 | D:2      | Killed Robin
  1803 | D:3      | Reached XP level 4. HP: 40/40 MP: 3/3
  1931 | D:3      | Killed from afar by an orc priest

Levels and vault maps discovered:
D:1:      minmay_arrival_jagged, layout_basic
D:2:      layout_basic, chequers_temple_overflow_statue_of_worship,
          ashenzari_conservatory_becter, small_statue_intersection, uniq_robin
D:3:      layout_basic

Skill      XL: |  1  2  3 |
---------------+----------+-----
Dodging        | 1 |  1.7
Shields        | 4 |  4.3
Axes           | 3 |  3.4
Fighting       | 4 |  4.1
Armour         | 4 |  4.2
Stealth        | |  0.4

Action                   |  1- 3 |  4- 6 || total
-------------------------+-------+-------++-------
Melee: War axe           |    87 |    41 ||   128
       Headbutt          |    10 |     9 ||    19
  Eat: Ration            |     1 |       ||     1
       Chunk             |     1 |       ||     1
Armor: Scale mail        |    34 |    19 ||    53
Dodge: Dodged            |    28 |     9 ||    37
Block: Shield            |    36 |    15 ||    51

Table legend:
 A = Non-vault XP
 B = Vault XP
 C = Vault XP percentage of total XP
 D = Non-vault monster count
 E = Vault monster count
 F = Vault count percentage of total count
                 A         B        C        D         E       F
            +---------+---------+-------+---------+---------+-------
      Total |     105 |      27 |  20.5 |      52 |       7 |  11.9
            +---------+---------+-------+---------+---------+-------
        D:1 |      23 |       0 |   0.0 |      15 |       0 |   0.0
        D:2 |      45 |      27 |  37.5 |      18 |       7 |  28.0
        D:3 |      37 |       0 |   0.0 |      19 |       0 |   0.0
            +---------+---------+-------+---------+---------+-------
